 Dungeon Crawl Stone Soup version 0.17.0-1-g61d176b (webtiles) character file.

48 dysrexia the Caller (level 3, -6/14 HPs)
             Began as a Felid Summoner on Nov 7, 2015.
             Killed by nerve-wracking pain
             ... invoked by Jessica
              (9 damage)
             ... on level 3 of the Dungeon.
             The game lasted 00:09:54 (2460 turns).

dysrexia the Caller (Felid Summoner)                Turns: 2460, Time: 00:09:54

Health: -6/14      AC:  1    Str:  4    XL:     3   Next: 50%
Magic:  5/8        EV: 18    Int: 17    God:
Gold:   190        SH:  0    Dex: 16    Spells: 2 memorised, 2 levels left
                                        Lives:  0   Deaths: 0

rFire  . . .     SeeInvis +     (weapon unavailable)
rCold  . . .     Clarity  .     (armour unavailable)
rNeg   . . .     SustAt   .     (shield unavailable)
rPois  .         Gourm    .     (helmet unavailable)
rElec  .         Spirit   .     (cloak unavailable)
rCorr  .         Warding  .     (gloves unavailable)
rMut   .         Stasis   .     (boots unavailable)
MR     .....                    k - amulet of faith
Stlth  +++.......               (no ring)
                                (no ring)

@: very slightly contaminated, quick, not resistant to hostile enchantments,
fairly stealthy
A: no armour, no weapons or thrown items, claws 1, fangs 3, see invisible,
carnivore 3, speed 1, shaggy fur 1, slow metabolism 1, sharp paws
a: no special abilities


You were on level 3 of the Dungeon.
You were very full.

You visited 1 branch of the dungeon, and saw 3 of its levels.

You collected 190 gold pieces.

Inventory:

Jewellery
 k - an amulet of faith (around neck)
Scrolls
 d - a scroll of fear
 g - 2 scrolls of teleportation
 i - 2 scrolls of identify
 j - a scroll of remove curse {unknown}
Potions
 c - 3 potions of curing
 e - 2 potions of cancellation {unknown}
 h - a potion of flight {unknown}
 m - a potion of degeneration {unknown}
 n - a potion of haste {unknown}
 o - a potion of mutation {unknown}
Books
 a - a book of Callings

   Spells                             Type                      Level
   a - Summon Small Mammal            Summoning                    1
   b - Call Imp                       Summoning                    2
   c - Call Canine Familiar           Summoning                    3
   d - Summon Guardian Golem          Hexes/Summoning              3
   e - Summon Lightning Spire         Summoning/Air                4
   f - Summon Ice Beast               Ice/Summoning                4
Comestibles
 b - 3 meat rations
 f - a slice of pizza


   Skills:
 - Level 2.6 Dodging
 + Level 3.3 Stealth
 * Level 2.7 Spellcasting
 * Level 4.5 Summonings


You had 2 spell levels left.
You knew the following spells:

 Your Spells              Type           Power        Failure   Level  Hunger
a - Call Canine Familiar  Summ           ###.....     10%         3    ###....
b - Call Imp              Summ           ###.....     4%          2    ##.....


Dungeon Overview and Level Annotations

Branches:
Dungeon (3/15)

Altars:
The Shining One

Annotations:
D:3 Jessica


Innate Abilities, Weirdness & Mutations

You cannot wear armour.
You are incapable of wielding weapons or throwing items.
You have sharp claws.
You have razor-sharp teeth.
You have supernaturally acute eyesight.
You are carnivorous and can eat meat at any time.
You cover ground quickly.
You are covered in fur (AC +1).
You have a slow metabolism.
Your sharp claws are effective at attacking unaware monsters.


Message History

Attack!
Your hound bites Jessica.
Jessica gestures wildly while chanting.
Jessica blinks!
Casting: Call Canine Familiar
Confirm with . or Enter, or press ? or * to list all spells.
You miscast Call Imp.
You are very lightly contaminated with residual magic.
Shadowy shapes form in the air around you, then vanish.
Jessica casts a spell at you. Pain shoots through your body!
Ouch! That really hurt!
* * * LOW HITPOINT WARNING * * *
You swap places.
Your hound closely misses Jessica.
Your hound misses Jessica.
Your hound closely misses Jessica.
Jessica points at you and mumbles some strange words.
Pain shoots through your body!
Ouch! That really hurt!
You die...

..b###.##().('h..(....#
#. #..###........# #.
#.h..@...#+#### #.
##@#####.# #######. #.#
#.# #....##. #.# #.# #
######.....#.
#.#####'#.#
...........#
#.#.......###
...........#
#@#........... .#
........##.#
#.#......######.#
........##.# #.#.######
..# ........##.# #.#.#
..## ........##.# ..#.#
### ...)
.........#.#######.#
#.######..##
##'#####.#.......#.#
#........... #.#
#.#######.#.#
#.#####.#.## ### #.#
#.#.# #.# #.#


You could see Jessica and a friendly hound.

Vanquished Creatures
  A ball python (D:2)
  3 hobgoblins (D:1)
  6 kobolds
  7 bats
  A giant cockroach (D:1)
  4 giant newts
  7 goblins
  A quokka (D:3)
  5 rats
35 creatures vanquished.

Vanquished Creatures (collateral kills)
  2 adders (D:2)
  2 bats
  2 goblins
  A kobold (D:1)
  A rat (D:1)
8 creatures vanquished.

Grand Total: 43 creatures vanquished

Notes
Turn   | Place    | Note
--------------------------------------------------------------
     0 | D:1      | dysrexia the Felid Summoner began the quest for the Orb.
     0 | D:1      | Reached XP level 1. HP: 7/7 MP: 4/4
   176 | D:1      | Reached XP level 2. HP: 11/11 MP: 6/6
   319 | D:1      | Learned a level 2 spell: Call Imp
  1036 | D:2      | Reached XP level 3. HP: 14/14 MP: 0/8
  1296 | D:2      | Found a glowing golden altar of the Shining One.
  1531 | D:3      | Noticed Jessica
  2124 | D:2      | Learned a level 3 spell: Call Canine Familiar
  2460 | D:3      | Killed from afar by Jessica

Action                   || total
-------------------------++-------
Melee: Unarmed           ||   109
 Cast: Summon Small Mamm ||     4
       Call Imp          ||     9
       Call Canine Famil ||     1
  Use: Scroll            ||    10
 Stab: Sleeping          ||    17
  Eat: Chunk             ||    10
